 Dungeon Crawl Stone Soup version 0.20.0-10-g0535bb4 (webtiles) character file.

1758082 Tridux the Conqueror (level 27, 178/178 HPs)
             Began as a Felid Fighter on June 4, 2017.
             Was the Champion of Okawaru.
             Escaped with the Orb
             ... and 3 runes on June 5, 2017!
             The game lasted 07:27:50 (73682 turns).

Tridux the Conqueror (Felid Fighter)               Turns: 73682, Time: 07:27:51

Health: 178/178    AC:  3    Str: 17    XL:     27
Magic:  44/44      EV: 38    Int: 26    God:    Okawaru [******]
Gold:   4891       SH:  0    Dex: 21    Spells: 0/59 levels left
                                        Lives:  2   Deaths: 0

rFire    + . .     SeeInvis +     - Unarmed
rCold    + + .     Gourm    .   (shield unavailable)
rNeg     + . .     Faith    +   (armour unavailable)
rPois    .         Spirit   .   (helmet unavailable)
rElec    +         Reflect  .   (cloak unavailable)
rCorr    +         Harm     .   (gloves unavailable)
MR       +++++                  (boots unavailable)
Stlth    +++.......             e - amulet of Konn {Faith rF+ Dex+5}
Regen    0.4/turn               S - ring "Fophot" {rElec rN+ MR+ Str+2 Int+4}
MPRegen  0.3/turn               K - ring of Pareosh {rCorr rC+ Str+3 Int+2}

@: quick
A: no armour, no weapons or thrown items, stealth, claws 1, fangs 3, see
invisible, carnivore 3, clumsy 1, speed 1, robust 2, screaming 1, shaggy fur 3,
slow metabolism 1, MP-powered wands, sharp paws
0: Orb of Zot
}: 3/15 runes: barnacled, silver, gossamer
a: Heroism, Finesse, Renounce Religion


You escaped.
You worshipped Okawaru.
Okawaru was exalted by your worship.
You were very full.

You visited 10 branches of the dungeon, and saw 52 of its levels.
You also visited: Ice Cave and Volcano.

You collected 10473 gold pieces.
You spent 5582 gold pieces at shops.

Inventory:

Missiles
 h - 1743 arrows
Jewellery
 e - the amulet of Konn (around neck) {Faith rF+ Dex+5}
   (You bought it in a shop on level 1 of the Depths)

   [amulet of faith]

   It allows you to gain divine favour quickly.
   It affects your dexterity (+5).
   It protects you from fire.
 j - the ring "Canoket" {*Contam rC+++ rN++ AC+2 Int-5}
   (You acquired it on level 3 of the Realm of Zot)

   [ring of protection]

   It affects your AC (+2).
   It affects your intelligence (-5).
   It renders you almost immune to cold.
   It greatly protects you from negative energy.
   It causes magical contamination when unequipped.
 w - the ring of Bithriw {rElec rPois MR+ Int-5 Stlth+}
   (You acquired it on level 3 of the Realm of Zot)

   [ring of poison resistance]

   It affects your intelligence (-5).
   It insulates you from electricity.
   It protects you from poison.
   It affects your resistance to hostile enchantments.
   It makes you more stealthy.
 H - the ring of Beuc {rN+ Int+2 Slay+2}
   (You found it on level 4 of the Shoals)

   [ring of intelligence]

   It affects your intelligence (+2).
   It affects your accuracy and damage with ranged weapons and melee attacks
   (+2).
   It protects you from negative energy.
 K - the ring of Pareosh (right paw) {rCorr rC+ Str+3 Int+2}
   (You took it off a deep elf death mage on level 3 of the Elven Halls)

   [ring of resist corrosion]

   It affects your strength (+3).
   It affects your intelligence (+2).
   It protects you from cold.
 L - the ring of Syla {+Fly rC+ MR+ Str+2 Int-2}
   (You found it on level 3 of the Elven Halls)

   [ring of flight]

   It affects your strength (+2).
   It affects your intelligence (-2).
   It protects you from cold.
   It affects your resistance to hostile enchantments.
   It lets you fly.
 N - a +4 ring of protection
 P - the ring of the Two Names {*Contam rElec rPois AC+2}
   (You acquired it on level 3 of the Realm of Zot)

   [ring of protection]

   It affects your AC (+2).
   It insulates you from electricity.
   It protects you from poison.
   It causes magical contamination when unequipped.
 R - the ring "Kappid" {rF+ Str+5 Dex+3}
   (You found it on level 3 of the Depths)

   [ring of dexterity]

   It affects your strength (+5).
   It affects your dexterity (+3).
   It protects you from fire.
 S - the ring "Fophot" (left paw) {rElec rN+ MR+ Str+2 Int+4}
   (You acquired it on level 4 of the Lair of Beasts)

   [ring of strength]

   It affects your strength (+2).
   It affects your intelligence (+4).
   It insulates you from electricity.
   It protects you from negative energy.
   It affects your resistance to hostile enchantments.
 W - the ring of Viyg {Wiz rPois rC+ SInv}
   (You bought it in a shop on level 1 of the Depths)

   [ring of wizardry]

   It improves your spell success rate.
   It protects you from cold.
   It protects you from poison.
   It lets you see invisible.
Wands
 d - a wand of digging (18/24)
 m - a wand of acid (8/15)
 x - a wand of lightning (4/15)
 z - a wand of paralysis (24/24)
 B - a wand of acid (9/15)
 C - a wand of clouds (5/9)
 Q - a wand of acid (4/15)
Scrolls
 f - 2 scrolls of magic mapping
 i - 16 scrolls of identify
 n - 10 scrolls of teleportation
 o - 4 scrolls of recharging
 r - 25 scrolls of remove curse
 s - 6 scrolls of summoning
 u - a scroll of holy word
 y - 11 scrolls of fog
 E - 7 scrolls of fear
 I - a scroll of blinking
 J - 5 scrolls of amnesia
 O - 7 scrolls of vulnerability
Potions
 a - 9 potions of might
 c - 20 potions of curing
 g - 5 potions of cancellation
 k - 5 potions of mutation {!q}
 l - 5 potions of agility
 p - 7 potions of flight
 q - 2 potions of heal wounds
 t - 2 potions of brilliance
 G - a potion of resistance
 U - 6 potions of haste
Books
 F - a Necronomicon

   Spells                             Type                      Level
   a - Haunt                          Necromancy/Summoning         7
   b - Borgnjor's Revivification      Necromancy                   8
   c - Death's Door                   Charms/Necromancy            8
   d - Infestation                    Necromancy                   8
   e - Necromutation                  Transmutation/Necromancy     8
Miscellaneous
 v - 4 boxes of beasts
 D - a fan of gales
 X - 2 sacks of spiders
Comestibles
 b - 32 meat rations
 A - 4 royal jellies


   Skills:
 O Level 27 Fighting
 - Level 22.0 Dodging
 - Level 15.3 Stealth
 - Level 22.0 Unarmed Combat
 - Level 16.6 Spellcasting
 - Level 14.1 Hexes
 - Level 12.5 Charms
 - Level 6.0 Summonings
 - Level 2.8 Necromancy
 - Level 4.2 Translocations
 - Level 14.8 Transmutations
 - Level 1.5 Ice Magic
 - Level 9.0 Air Magic
 - Level 11.9 Earth Magic
 - Level 9.7 Invocations
 + Level 17.3 Evocations


You couldn't memorise any spells.
You knew the following spells:

 Your Spells              Type           Power        Failure   Level  Hunger
a - Apportation           Tloc           #####.       1%          1    None
b - Blink                 Tloc           N/A          1%          2    None
d - Dragon Form           Tmut           #######...   4%          7    #####..
e - Ensorcelled Hibernat  Hex/Ice        ######       1%          2    None
k - Sticks to Snakes      Tmut           #######.     0%          2    None
m - Deflect Missiles      Chrm/Air       ######....   4%          6    ###....
n - Animate Skeleton      Necr           N/A          1%          1    None
p - Summon Butterflies    Summ           ######..     1%          1    None
r - Regeneration          Chrm/Necr      ######....   1%          3    None
s - Statue Form           Tmut/Erth      ######...    1%          6    ###....
t - Confusing Touch       Hex            ######       0%          1    None
w - Passwall              Tmut/Erth      ######....   0%          2    None
z - Petrify               Tmut/Erth      ######..     1%          4    None
D - Darkness              Hex            #######...   1%          6    ###....
N - Invisibility          Hex            #######.     1%          6    ###....
P - Summon Lightning Spi  Summ/Air       ######..     1%          4    None
S - Silence               Hex/Air        ######....   1%          5    None


Dungeon Overview and Level Annotations

Branches:
Dungeon (15/15)            Temple (0/1) D:7            Lair (6/6) D:10
 Shoals (4/4) Lair:3       Spider (4/4) Lair:2        Slime (0/5) Lair:6
    Orc (2/2) D:12            Elf (3/3) Orc:2        Vaults (5/5) D:14
  Crypt (3/3) Vaults:3       Tomb (0/3) Crypt:3      Depths (5/5) D:15
    Zot (5/5) Depths:5

Altars:
Ashenzari
Dithmenos
Elyvilon
Fedhas
Gozag
Kikubaaqudgha
Nemelex Xobeh
Okawaru
Qazlal
Uskayaw
Vehumet
Xom
Yredelemnul
The Shining One
Beogh
Jiyva

Shops:
D:6 (   D:7 :   D:10 :   Orc:2 =([*   Vaults:4 %   Depths:1 =}=

Portals:
Hell: Depths:1 Depths:2 Depths:3 Depths:4 Depths:5
Abyss: Depths:1 Depths:4 Depths:5
Pandemonium: Depths:5
Ziggurat: Depths:5

Annotations:
Shoals:1 exclusion: wind drake


Innate Abilities, Weirdness & Mutations

You cannot wear armour.
You are incapable of wielding weapons or throwing items.
Your paws allow you to move quietly. (Stealth)
You have sharp claws.
You have razor-sharp teeth.
You have supernaturally acute eyesight. (SInv)
You are carnivorous and can eat meat at any time.
You cover ground quickly.
Your thick and shaggy fur keeps you warm. (AC +3, rC+)
You have a slow metabolism.
Your sharp claws are effective at attacking unaware monsters.
You are clumsy. (Dex -2)
You are very robust. (+20% HP)
You occasionally shout uncontrollably at your foes.
You expend magic power (3 MP) to strengthen your wands.


Message History

The scroll dissolves into smoke.
Unknown command.
(D) Dungeon (T) Temple (L) Lair (A) Shoals (N) Spider Nest (M) Slime Pits (O) Orcish Mines (E) Elven Halls (V) Vaults (C) Crypt (W) Tomb (U) Depths (H) Hell (Z) Zot
Where to? (Enter - D:1 @ (x,y), ? - help) Magic restored.
Casting: Statue Form
Confirm with . or Enter, or press ? or * to list all spells.
Which direction?
The kobold shouts!
You begin to meditate on the wall.
You continue meditating on the rock.
The kobold throws a stone.
The stone barely misses you.
You continue meditating on the rock.
The kobold throws a stone.
The stone completely misses you.
You finish merging with the rock.
There is a staircase leading out of the dungeon here.
You can't go down here!
You have escaped!

.########.# #.#
..........####### #.#
.#####..........####.##
## #####.........)....#
####...######.........#
.##.###.##..######....#
####.###.#.#.##..###..#
..##K##..#(##....# #..#
#....#.#.######.@# #..#
####(#.##.###....# #..#
....###.##...##..###..#
##### ############....#
# #.###..#.....#.###)##
# #........####...##.#
###.###.#.......#....#
...## #.#######...####
#)## #.# ##.##


There were no monsters in sight!

Vanquished Creatures
  5 ancient liches
  9 orbs of fire
  Mara (Vaults:3)
  2 juggernauts
  Boris (Crypt:2)
  Frederick (Vaults:3)
  Saint Roka (Orc:2)
  Bai Suzhen (Shoals:3)
  3 Killer Klowns (Zot:5)
  Margery (Vaults:4)
  A caustic shrike (shapeshifter) (Vaults:5)
  3 curse toes
  3 caustic shrikes (Depths:3)
  6 golden dragons
  Nikola (Vaults:1)
  A Tzitzimitl (Zot:5)
  Jorgrun (Spider:3)
  7 electric golems
  27 Orb Guardians
  22 tentacled monstrosities
  3 deep elf blademasters (Elf:3)
  A deep elf master archer (Elf:3)
  7 titans
  7 liches
  8 quicksilver dragons
  7 death cobs
  4 sphinxes
  An ancient champion (Crypt:2)
  6 tengu reavers
  Polyphemus (Shoals:3)
  14 shadow dragons
  12 storm dragons
  Donald (Shoals:2)
  Agnes (D:15)
  6 draconian monks
  12 fire giants
  6 revenants
  A daeva (D:3)
  9 deep elf sorcerers
  19 vault wardens
  Ilsuiw (Shoals:4)
  4 draconian knights
  9 ghost moths
  4 ghouls (Crypt:1)
  3 iron dragons
  7 draconian scorchers
  15 frost giants
  5 emperor scorpions (Spider:4)
  6 draconian stormcallers
  Aizul (Shoals:2)
  8 draconian annihilators
  8 deep elf elementalists
  3 curse skulls
  A reaper (Depths:3)
  9 draconian shifters
  19 ironheart preservers
  27 very ugly things
  25 stone giants
  3 war gargoyles
  6 entropy weavers
  15 black draconians
  16 vampire knights
  Azrael (Orc:2)
  17 green draconians
  20 red draconians
  14 purple draconians
  7 deep elf annihilators
  10 spark wasps
  14 yellow draconians
  20 white draconians
  6 merfolk javelineers
  20 ettins
  15 deep elf death magi
  5 jiangshi
  12 merfolk impalers
  10 eidola
  7 deep elf high priests
  The ghost of Lavandula the Unseen, a journeyman SpEn of Ashenzari (Shoals:3)
  10 rakshasas
  10 fire dragons
  14 great orbs of eyes
  24 yaktaur captains
  31 vault guards
  19 ice dragons
  3 centaur warriors
  2 catoblepae
  Harold (Lair:1)
  A catoblepas (shapeshifter) (Vaults:5)
  3 death knights
  3 spriggan air magi
  A spectral shadow dragon (Crypt:3)
  11 hydras
  3 merfolk aquamancers
  An alligator snapping turtle (Shoals:1)
  38 dancing weapons
  3 merfolk avatars (Shoals:4)
  53 two-headed ogres
  3 satyrs
  11 vampire magi
  20 deep troll earth magi
  19 ogre magi
  17 deep troll shamans
  8 tengu warriors
  2 spriggan berserkers
  9 death yaks
  An orc high priest (Orc:2)
  4 small abominations
  7 hell knights
  Urug (D:14)
  Nergalle (Lair:4)
  A shock serpent (shapeshifter) (Depths:3)
  2 soul eaters
  2 spriggans (Depths:5)
  21 deep elf knights
  A storm dragon skeleton (Depths:1)
  25 shadow wraiths
  24 skeletal warriors
  A death drake (Depths:2)
  7 iron trolls
  A death drake (shapeshifter) (Elf:2)
  12 sea snakes
  A salamander mystic (Volcano)
  An unseen horror (D:10)
  2 spectral hydras (Depths:2)
  61 deep trolls
  7 wizards
  8 flayed ghosts
  2 orange crystal statues (Depths:2)
  10 glowing orange brains
  21 ironbrand convokers
  A tengu zombie (Depths:2)
  72 deep elf magi
  A wolf spider zombie (Crypt:1)
  5 necromancers
  12 orb spiders
  23 orc knights
  15 deep elf archers
  2 harpies (shapeshifter)
  3 mana vipers (Depths:2)
  Pikel (D:5)
  11 harpies
  78 ugly things
  A mana viper (shapeshifter) (Vaults:5)
  9 orc sorcerers
  2 stone giant zombies
  4 salamanders (Volcano)
  22 wolf spiders
  28 phantasmal warriors
  A wolf spider (shapeshifter) (Depths:5)
  8 manticores
  11 fauns
  A fire giant zombie (Crypt:1)
  A frost giant zombie (Depths:2)
  30 moths of wrath
  A moth of wrath (shapeshifter) (Depths:4)
  11 oklob plants (Zot:1)
  4 black mambas
  9 cyclopes
  Joseph (D:8)
  A sphinx skeleton (Crypt:3)
  5 merfolk sirens
  4 elephants (Lair:6)
  A rust devil (Depths:4)
  A naga mage (D:15)
  17 vault sentinels
  An eye of devastation (shapeshifter) (Vaults:3)
  An iron dragon skeleton (Crypt:3)
  4 centaur zombies
  2 ice statues (IceCv)
  A dire elephant zombie (Crypt:1)
  8 water nymphs
  2 torpor snails
  2 smoke demons (Zot:4)
  An elf zombie (Depths:1)
  2 gargoyles
  A spriggan skeleton (Depths:2)
  A death yak zombie (Crypt:1)
  A centaur skeleton (D:14)
  A molten gargoyle (Volcano)
  6 spiny frogs
  A white draconian zombie (Crypt:1)
  7 komodo dragons
  8 freezing wraiths
  77 yaktaurs
  7 kobold demonologists
  4 rime drakes
  16 demonic crawlers
  A tormentor (D:3)
  2 efreet
  A grey draconian skeleton (Crypt:3)
  A pale draconian skeleton (Crypt:2)
  An anaconda simulacrum (Depths:2)
  3 spectral merfolk (Depths:2)
  A hellwing (Zot:4)
  2 iron troll zombies
  12 trolls
  5 tengu conjurers
  27 jumping spiders
  25 merfolk
  2 polar bears (Lair:6)
  A hydra zombie (Crypt:1)
  21 hornets
  A raiju (shapeshifter) (Depths:3)
  13 blink frogs
  7 wind drakes
  11 dream sheep
  16 slime creatures
  A dream sheep (shapeshifter) (Vaults:5)
  14 hippogriffs
  A blink frog (shapeshifter) (Vaults:5)
  3 bog bodies (Crypt:1)
  A spriggan zombie (Depths:2)
  2 raiju
  A satyr zombie (Crypt:2)
  6 snapping turtles (Shoals:4)
  38 tarantellas
  9 flying skulls (Crypt:3)
  A meliai zombie (Crypt:2)
  8 air elementals
  An ettin skeleton (Depths:1)
  19 shadows
  19 water elementals
  49 redbacks
  2 centaur simulacra
  A spriggan (shapeshifter) (Depths:3)
  17 wraiths
  A fire dragon skeleton (Depths:1)
  A tarantella (shapeshifter) (Vaults:4)
  A wyvern (shapeshifter) (Vaults:4)
  6 wyverns
  4 fire bats (Volcano)
  8 vampires
  2 humans (shapeshifter)
  12 yaks
  A fire bat (shapeshifter) (Vaults:5)
  6 hungry ghosts
  6 fire elementals
  2 human simulacra
  11 vampire mosquitoes
  7 wargs
  3 chaos spawn
  A hydra simulacrum (Depths:2)
  2 soldier ants (shapeshifter)
  2 soldier ants (D:8)
  8 large abominations (Depths:4)
  2 acid dragons
  7 water moccasins
  12 hell hounds
  8 porcupines
  Duvessa (D:4)
  2 spectral trolls (Depths:2)
  2 floating eyes
  An orb spider zombie (Crypt:2)
  50 orc warriors
  A swamp drake (D:10)
  4 spectral spriggans (Depths:2)
  15 ice beasts
  2 black bears (D:10)
  3 sky beasts
  3 hornet zombies
  An eye of draining (D:11)
  A swamp dragon zombie (Crypt:1)
  3 phantoms
  47 ogres
  A slave (D:5)
  A snapping turtle zombie (Depths:2)
  5 boggarts
  7 necrophages
  A tengu (shapeshifter) (Vaults:1)
  A torpor snail zombie (Crypt:3)
  27 centaurs
  23 wolves
  8 crocodiles
  2 big kobolds (Depths:5)
  A bullfrog (shapeshifter) (Vaults:5)
  A draconian zombie (Crypt:2)
  17 bullfrogs
  2 wyvern zombies
  7 earth elementals
  A yaktaur skeleton (Crypt:1)
  A merfolk simulacrum (Depths:2)
  A glowing shapeshifter simulacrum (Vaults:2)
  Dowan (D:4)
  A scorpion (shapeshifter) (Vaults:1)
  5 scorpions
  A water moccasin skeleton (D:8)
  A spectral naga (Depths:2)
  A spectral ogre (Depths:2)
  28 killer bees
  10 wights
  A polar bear skeleton (Crypt:1)
  2 electric eels
  2 spectral centaurs
  5 howler monkeys
  6 crimson imps
  2 bullfrog zombies
  2 lava snakes (Volcano)
  A quasit (D:9)
  A black bear zombie (Crypt:2)
  3 jellies
  9 hounds
  21 orc priests
  2 gnoll shamans
  27 orc wizards
  8 iguanas
  Natasha (thrice) (D:2 D:4)
  A troll simulacrum (Depths:2)
  2 worker ants (shapeshifter) (Vaults:5)
  10 worker ants
  A demigod zombie (Crypt:2)
  A hound skeleton (D:5)
  2 howler monkey zombies
  Robin (D:4)
  18 gnolls
  A worker ant zombie (D:9)
  13 adders
  A shadow imp (D:15)
  An ufetubus (Zot:1)
  2 oozes
  An adder zombie (D:6)
  3 adder skeletons
  A worm (D:2)
  5 dart slugs
  5 leopard geckos
  111 orcs
  5 bats
  6 giant cockroaches
  18 goblins
  8 hobgoblins
  18 jackals
  14 kobolds
  4 quokkas
  3 ball pythons
  A ball python skeleton (D:5)
  9 frilled lizards
  2 jackal skeletons (Crypt:3)
  4 rats
  A river rat zombie (Crypt:1)
  4 crawling corpses
  A plant (Shoals:3)
2815 creatures vanquished.

Vanquished Creatures (collateral kills)
  A lich (Depths:3)
  A tentacled monstrosity (Zot:5)
  A titan (Vaults:5)
  2 sphinxes
  A fire giant (Depths:2)
  A deep elf elementalist (Vaults:5)
  A stone giant (Vaults:5)
  A very ugly thing (Depths:5)
  A deep elf annihilator (Vaults:5)
  A yellow draconian (Zot:3)
  An ettin (Depths:4)
  A yaktaur captain (Vaults:5)
  2 vault guards (Vaults:4)
  A merfolk avatar (Shoals:4)
  A rakshasa (Depths:2)
  A centaur warrior (Depths:1)
  A spriggan berserker (Depths:3)
  A deep elf knight (Vaults:5)
  2 deep trolls
  A harpy (Shoals:4)
  3 moths of wrath
  A yaktaur (Depths:2)
  A tengu conjurer (Depths:1)
  2 merfolk
  2 water elementals (Depths:2)
  A chaos spawn (Depths:4)
  A warg (Vaults:4)
  An ogre (Vaults:2)
  2 orc warriors
  A small abomination (Depths:4)
  A spectral centaur (Depths:2)
  An orc priest (Vaults:5)
40 creatures vanquished.

Vanquished Creatures (others)
  An orb of fire (Zot:1)
  A deep elf elementalist (Vaults:5)
  A draconian shifter (Zot:1)
  A deep troll earth mage (Vaults:3)
  3 deep trolls (Vaults:1)
  A deep elf archer (Vaults:3)
  A deep elf mage (Vaults:4)
  A wolf spider (Vaults:1)
  A vault sentinel (Vaults:3)
  2 yaktaurs
  A jumping spider (shapeshifter) (Vaults:5)
  An air elemental (Elf:1)
  A centaur (Shoals:2)
  A lava snake (Volcano)
  A hound (D:12)
  A worker ant (D:5)
  A white imp (Depths:5)
  2 orcs (Vaults:1)
  A bush (Zot:1)
  17 fungi
  28 plants
68 creatures vanquished.

Grand Total: 2923 creatures vanquished

Notes
Turn   | Place    | Note
-------+----------+-------------------------------------------
     0 | D:1      | Tridux the Felid Fighter began the quest for the Orb.
     0 | D:1      | Reached XP level 1. HP: 10/10 MP: 2/2
    39 | D:1      | You fall through a shaft!
    75 | D:1      | Reached skill level 1 in Stealth
   200 | D:1      | Reached XP level 2. HP: 14/14 MP: 3/3
   887 | D:1      | Reached XP level 3. HP: 17/17 MP: 4/4
  1052 | D:2      | Found an iron altar of Okawaru.
  1057 | D:2      | Became a worshipper of Warmaster Okawaru
  1064 | D:2      | Noticed Natasha
  1760 | D:2      | Killed Natasha
  1760 | D:2      | Reached XP level 4. HP: 13/21 MP: 5/5
  1901 | D:2      | Noticed Natasha
  1912 | D:2      | Killed Natasha
  1912 | D:2      | Reached skill level 5 in Unarmed Combat
  2177 | D:3      | Found a stormy altar of Qazlal.
  2415 | D:3      | Reached XP level 5. HP: 24/24 MP: 6/6
  2474 | D:3      | Found an opulent altar of Gozag.
  2474 | D:3      | Found a sparkling altar of Nemelex Xobeh.
  2890 | D:3      | Found a radiant altar of Vehumet.
  2918 | D:3      | Reached skill level 5 in Stealth
  3377 | D:3      | Gained mutation: You are covered in thick fur. (AC +2) [Felid growth]
  3377 | D:3      | Reached XP level 6. HP: 26/28 MP: 7/7
  3631 | D:4      | Noticed Robin
  3853 | D:4      | Reached skill level 1 in Invocations
  3948 | D:4      | Noticed Natasha
  3966 | D:4      | Killed Natasha
  3966 | D:4      | Reached * piety under Okawaru
  4131 | D:4      | Killed Robin
  4473 | D:3      | Reached XP level 7. HP: 22/31 MP: 7/10
  4971 | D:4      | Noticed Dowan
  4975 | D:4      | Noticed Duvessa
  4988 | D:4      | Killed Duvessa
  5007 | D:4      | Killed Dowan
  5201 | D:5      | Entered Level 5 of the Dungeon
  5327 | D:5      | Found a shimmering altar of Xom.
  5489 | D:5      | Reached XP level 8. HP: 17/34 MP: 8/11
  5691 | D:5      | Noticed Pikel
  5708 | D:5      | Killed Pikel
  5708 | D:5      | Reached ** piety under Okawaru
  6578 | D:6      | Reached skill level 10 in Stealth
  6816 | D:6      | Found a shadowy altar of Dithmenos.
  7005 | D:6      | Found Fitsusm's Weapon Shoppe.
  7439 | D:7      | Found a staircase to the Ecumenical Temple.
  7442 | D:7      | Reached skill level 5 in Dodging
  7442 | D:7      | Reached XP level 9. HP: 38/38 MP: 12/12
  7837 | D:7      | Found a hide-covered altar of Uskayaw.
  7857 | D:7      | Found Cocau's Book Shop.
  8200 | D:8      | Noticed Joseph
  8429 | D:8      | Reached *** piety under Okawaru
  8429 | D:8      | Reached skill level 4 in Fighting
  8776 | D:7      | Bought a book of Maledictions for 325 gold pieces
  8778 | D:7      | Learned a level 1 spell: Corona
  8781 | D:7      | Learned a level 2 spell: Ensorcelled Hibernation
  8785 | D:7      | Learned a level 3 spell: Confuse
  8907 | D:8      | Reached skill level 1 in Hexes
  8919 | D:8      | Reached skill level 1 in Spellcasting
  9156 | D:8      | Killed Joseph
  9374 | D:8      | Reached XP level 10. HP: 43/43 MP: 2/15
  9545 | D:9      | Noticed a two-headed ogre
  9556 | D:9      | Killed a two-headed ogre
  9556 | D:9      | Reached **** piety under Okawaru
  9556 | D:9      | Reached skill level 1 in Ice Magic
  9638 | D:9      | Found a glowing golden altar of the Shining One.
 10006 | D:9      | Found an opulent altar of Gozag.
 10611 | D:10     | Entered Level 10 of the Dungeon
 10670 | D:10     | Found Ackayvo's Book Emporium.
 11152 | D:10     | Reached skill level 10 in Hexes
 11488 | D:11     | Noticed a two-headed ogre
 11636 | D:11     | Noticed a cyan ugly thing
 11724 | D:11     | Killed a cyan ugly thing
 11724 | D:11     | Reached ***** piety under Okawaru
 11999 | D:11     | Reached XP level 11. HP: 45/46 MP: 15/18
 12076 | D:11     | Reached skill level 5 in Invocations
 12414 | D:12     | Learned a level 3 spell: Dazzling Spray
 12534 | D:12     | Found a frozen archway.
 12580 | D:12     | Reached skill level 10 in Unarmed Combat
 12598 | IceCv    | Entered an ice cave
 13437 | IceCv    | Reached skill level 5 in Fighting
 13472 | IceCv    | Noticed an ice dragon
 13474 | IceCv    | Noticed an ice dragon
 13764 | IceCv    | Killed an ice dragon
 13764 | IceCv    | Reached skill level 6 in Fighting
 13987 | IceCv    | Killed an ice dragon
 14046 | IceCv    | phew, Confuse saves the day
 14183 | D:10     | Bought Wusefun's Compendium of Unstable Enchantment for 594 gold pieces
 14185 | D:10     | Learned a level 1 spell: Confusing Touch
 14192 | D:10     | Learned a level 6 spell: Invisibility
 14315 | D:10     | Noticed a two-headed ogre
 14336 | D:10     | Killed a two-headed ogre
 14500 | D:10     | Found a staircase to the Lair.
 14657 | Lair:1   | Entered Level 1 of the Lair of Beasts
 14686 | Lair:1   | Noticed a six-headed hydra
 14696 | Lair:1   | Killed a six-headed hydra
 14838 | Lair:1   | Gained mutation: Your thick and shaggy fur keeps you warm. (AC +3, rC+) [Felid growth]
 14838 | Lair:1   | Reached XP level 12. HP: 53/53 MP: 13/19
 14938 | Lair:1   | Noticed Harold
 15468 | Lair:1   | Reached ****** piety under Okawaru
 15666 | Lair:2   | Found a dark tunnel.
 15687 | Volcano  | Entered a volcano
 16002 | Volcano  | Found a burning altar of Makhleb.
 16175 | Volcano  | Reached skill level 5 in Spellcasting
 16180 | Volcano  | Reached skill level 10 in Dodging
 16343 | Volcano  | Noticed a red draconian
 16350 | Volcano  | Killed a red draconian
 16417 | Lair:2   | Noticed a five-headed hydra
 16765 | Lair:2   | Noticed an eight-headed hydra
 16919 | Lair:2   | Killed a five-headed hydra
 16919 | Lair:2   | Reached skill level 7 in Fighting
 17022 | Lair:2   | Found a hole to the Spider Nest.
 17030 | Lair:2   | Killed an eight-headed hydra
 17780 | Lair:3   | Reached XP level 13. HP: 58/58 MP: 13/23
 17805 | Lair:3   | Found a staircase to the Shoals.
 17851 | Lair:3   | Got a heavily runed brass ring
 17852 | Lair:3   | Identified the ring of Oquutz {*Tele rPois rC+ rN++} (You found it on level 3 of the Lair of Beasts)
 18569 | Lair:4   | Reached skill level 8 in Fighting
 18573 | Lair:4   | Learned a level 2 spell: Sticks to Snakes
 18935 | Lair:4   | Reached skill level 1 in Transmutations
 19240 | Lair:4   | Noticed Nergalle
 19264 | Lair:4   | Killed Nergalle
 19521 | Lair:4   | Identified a scroll of acquirement
 19522 | Lair:4   | Got a pitted tin ring
 19523 | Lair:4   | Identified the ring "Fophot" {rElec rN+ MR+ Str+2 Int+4} (You acquired it on level 4 of the Lair of Beasts)
 20158 | Lair:5   | Reached skill level 5 in Transmutations
 20827 | D:7      | Bought a book of Geomancy for 455 gold pieces
 20830 | D:7      | Learned a level 2 spell: Passwall
 21197 | D:11     | Reached skill level 1 in Earth Magic
 21981 | D:12     | Found a staircase to the Orcish Mines.
 23197 | D:13     | Reached XP level 14. HP: 58/63 MP: 14/27
 23600 | D:14     | Noticed Urug
 23608 | D:14     | Killed Urug
 23807 | D:14     | Found a gate to the Vaults.
 23816 | D:14     | Reached skill level 5 in Earth Magic
 24290 | Lair:1   | Learned a level 3 spell: Regeneration
 24480 | D:13     | Reached skill level 1 in Charms
 24673 | D:14     | Reached skill level 1 in Necromancy
 25433 | D:15     | Entered Level 15 of the Dungeon
 26054 | D:15     | Reached skill level 10 in Transmutations
 26121 | D:15     | Found a staircase to the Depths.
 26306 | D:15     | Noticed Agnes
 26317 | D:15     | Killed Agnes
 26863 | Lair:1   | Killed Harold
 26863 | Lair:1   | Reached XP level 15. HP: 66/66 MP: 12/28
 27019 | D:10     | Bought the Papyrus of Stones and Hexes for 531 gold pieces
 27026 | D:10     | Learned a level 6 spell: Statue Form
 27109 | Orc:1    | Entered Level 1 of the Orcish Mines
 27207 | Orc:2    | Entered Level 2 of the Orcish Mines
 27207 | Orc:2    | Found a staircase to the Elven Halls.
 28054 | Orc:2    | Noticed Azrael
 28182 | Orc:2    | Killed Azrael
 28966 | Orc:2    | Noticed Saint Roka
 28984 | Orc:2    | Found a roughly hewn altar of Beogh.
 29012 | Orc:2    | Found Ydureas's Antique Weapon Shoppe.
 29249 | Orc:2    | Killed Saint Roka
 29269 | Orc:2    | Found Iqokuy's Antique Armour Shoppe.
 29295 | Orc:2    | Found Kest's General Store.
 29323 | Orc:2    | Bought a scroll of blinking for 105 gold pieces
 29323 | Orc:2    | Bought a scroll of identify for 28 gold pieces
 29323 | Orc:2    | Bought a scroll of fog for 28 gold pieces
 29475 | Orc:2    | Found Maunigy's Jewellery Shoppe.
 29851 | Lair:6   | Entered Level 6 of the Lair of Beasts
 29928 | Lair:6   | Found a viscous altar of Jiyva.
 29929 | Lair:6   | Found a staircase to the Slime Pits.
 30665 | Lair:6   | Reached skill level 10 in Earth Magic
 31431 | Spider:1 | Entered Level 1 of the Spider Nest
 32106 | Spider:2 | Learned a level 4 spell: Petrify
 32150 | Spider:2 | Reached XP level 16. HP: 70/70 MP: 22/30
 33551 | Spider:3 | Reached skill level 10 in Spellcasting
 33896 | Spider:3 | Noticed Jorgrun
 33957 | Spider:3 | Killed Jorgrun
 34227 | Spider:4 | Entered Level 4 of the Spider Nest
 35237 | Spider:4 | Reached XP level 17. HP: 73/73 MP: 11/32
 35538 | Spider:4 | Got a gossamer rune of Zot
 36276 | Shoals:1 | Entered Level 1 of the Shoals
 36461 | D:10     | Bought a book of Party Tricks for 550 gold pieces
 36463 | D:10     | Learned a level 1 spell: Apportation
 36650 | Shoals:1 | Reached skill level 1 in Translocations
 37301 | Shoals:2 | Noticed Donald
 37589 | Shoals:2 | Killed Donald
 37761 | Shoals:2 | Noticed Aizul
 38320 | Vaults:1 | Entered Level 1 of the Vaults
 38373 | Vaults:1 | Noticed Nikola
 38382 | Vaults:1 | Killed Nikola
 38660 | Vaults:1 | Gained mutation: You are dopey. (Int -2) [mutagenic glow]
 39492 | Vaults:1 | Reached skill level 9 in Fighting
 40512 | Vaults:1 | Reached XP level 18. HP: 79/79 MP: 21/34
 41085 | D:7      | Bought a book of Necromancy for 390 gold pieces
 41087 | D:7      | Learned a level 1 spell: Animate Skeleton
 41495 | D:15     | Learned a level 7 spell: Dragon Form
 41497 | Depths:1 | Entered Level 1 of the Depths
 41804 | Depths:1 | Found a gateway to Hell.
 41811 | Depths:1 | Reached skill level 10 in Fighting
 41967 | Depths:1 | Found Xem Coic's Jewellery Boutique.
 41969 | Depths:1 | Found Opocuemae's Gadget Emporium.
 41970 | Depths:1 | Found Zotewkei's Jewellery Boutique.
 41992 | Depths:1 | Found a shimmering altar of Xom.
 42067 | Depths:1 | Reached skill level 15 in Unarmed Combat
 42557 | Depths:1 | Reached skill level 5 in Charms
 42615 | Depths:1 | Bought the ring of Viyg {Wiz rPois rC+ SInv} for 576 gold pieces
 42643 | Depths:1 | Found a one-way gate to the infinite horrors of the Abyss.
 44522 | Vaults:3 | Reached XP level 19. HP: 72/85 MP: 23/36
 44607 | Vaults:3 | Reached skill level 11 in Fighting
 44724 | Vaults:3 | Noticed Mara
 44741 | Vaults:3 | Killed Mara
 45015 | Vaults:3 | Noticed Frederick
 45020 | Vaults:3 | Killed Frederick
 46003 | Vaults:3 | Found a staircase to the Crypt.
 46003 | Vaults:3 | Found an ancient bone altar of Kikubaaqudgha.
 46004 | Vaults:3 | Found a basalt altar of Yredelemnul.
 46603 | Vaults:4 | Reached skill level 12 in Fighting
 46697 | Vaults:4 | Reached XP level 20. HP: 91/91 MP: 20/38
 47169 | Vaults:4 | Noticed Margery
 47343 | Vaults:4 | Killed Margery
 47413 | Vaults:4 | Reached skill level 15 in Dodging
 48355 | Vaults:4 | Found Nujefux's Food Shoppe.
 48616 | D:15     | Got a steaming steel ring
 48617 | D:15     | Identified the ring of Yfaxon {+Fly rPois Int+3} (You acquired it on level 15 of the Dungeon)
 48689 | Depths:3 | Reached skill level 13 in Fighting
 48730 | Depths:3 | Noticed a caustic shrike
 48737 | Depths:3 | Killed a caustic shrike
 48818 | Depths:3 | Reached XP level 21. HP: 73/97 MP: 22/39
 49061 | Depths:3 | Found a hide-covered altar of Uskayaw.
 49064 | Depths:3 | Found a shattered altar of Ashenzari.
 49064 | Depths:3 | Found an iron altar of Okawaru.
 49064 | Depths:3 | Found a white marble altar of Elyvilon.
 49471 | Depths:3 | Found a blossoming altar of Fedhas.
 50200 | Depths:3 | Found a blossoming altar of Fedhas.
 50240 | Depths:3 | Found a runed door.
 50240 | Depths:3 | Found a runed door.
 50617 | Depths:3 | Noticed a golden dragon
 50621 | Depths:3 | Killed a golden dragon
 50641 | Depths:3 | Got a faintly glowing brass ring
 50642 | Depths:3 | Identified the ring "Kappid" {rF+ Str+5 Dex+3} (You found it on level 3 of the Depths)
 50767 | Depths:3 | Reached skill level 15 in Stealth
 50925 | Depths:3 | Noticed a caustic shrike
 50939 | Depths:3 | Killed a caustic shrike
 51021 | Depths:3 | Noticed a caustic shrike
 51031 | Depths:3 | Killed a caustic shrike
 51563 | Depths:2 | Reached skill level 1 in Evocations
 51566 | Depths:2 | Reached XP level 22. HP: 102/102 MP: 25/41
 51663 | Depths:2 | Paralysed by a floating eye for 2 turns
 51666 | Depths:2 | Paralysed by a floating eye for 2 turns
 51707 | Depths:2 | Reached skill level 5 in Evocations
 51942 | Depths:2 | Reached skill level 14 in Fighting
 52024 | Depths:2 | Noticed an ancient lich
 52039 | Depths:2 | Killed an ancient lich
 53000 | Depths:1 | Bought a wand of digging (8/24) for 576 gold pieces
 53238 | D:10     | Bought a book of the Sky for 715 gold pieces
 53244 | D:10     | Learned a level 5 spell: Silence
 53251 | D:10     | Learned a level 6 spell: Deflect Missiles
 53354 | Elf:1    | Entered Level 1 of the Elven Halls
 53466 | Elf:1    | Reached skill level 1 in Air Magic
 53531 | Elf:1    | Got a twitching ivory ring
 53532 | Elf:1    | Identified the ring "Owkum" {EV+2 Int+2} (You acquired it on level 1 of the Elven Halls)
 54114 | Elf:2    | Reached skill level 15 in Spellcasting
 54200 | Elf:2    | Reached XP level 23. HP: 107/107 MP: 30/43
 54377 | Elf:2    | Found a runed gate.
 54377 | Elf:2    | Found a runed gate.
 54378 | Elf:2    | Found a runed gate.
 55356 | Elf:3    | Entered Level 3 of the Elven Halls
 55358 | Elf:3    | Found a radiant altar of Vehumet.
 55425 | Elf:3    | Reached skill level 5 in Air Magic
 56247 | Elf:3    | Reached skill level 10 in Charms
 56487 | Elf:3    | Identified the amulet "Xetuxuk" {+Rage rPois} (You found it on level 3 of the Elven Halls)
 56488 | Elf:3    | Identified the Handbook of Helpful Moulding
 56494 | Elf:3    | Identified the Incunabulum of the Excruciating Rocks
 56535 | Elf:3    | Identified the ring "Heupeh" {rC+ Stlth-} (You found it on level 3 of the Elven Halls)
 56540 | Elf:3    | Identified the ring of Pareosh {rCorr rC+ Str+3 Int+2} (You took it off a deep elf death mage on level 3 of the Elven Halls)
 56574 | Elf:3    | Identified the Tome of Stones and Toxins
 56576 | Elf:3    | Identified the ring of Syla {+Fly rC+ MR+ Str+2 Int-2} (You found it on level 3 of the Elven Halls)
 56978 | Depths:1 | Bought the amulet of Konn {Faith rF+ Dex+5} for 709 gold pieces
 57739 | Shoals:2 | Killed Aizul
 57792 | Shoals:3 | Noticed Lavandula's ghost (journeyman SpEn)
 57795 | Shoals:3 | Killed Lavandula's ghost
 58000 | Shoals:3 | Noticed Polyphemus
 58010 | Shoals:3 | Killed Polyphemus
 58050 | Shoals:3 | Noticed Bai Suzhen
 58069 | Shoals:3 | Killed Bai Suzhen
 58269 | Shoals:4 | Entered Level 4 of the Shoals
 58578 | Shoals:4 | Noticed Ilsuiw
 58599 | Shoals:4 | Killed Ilsuiw
 58713 | Shoals:4 | Reached XP level 24. HP: 111/111 MP: 39/44
 59406 | Shoals:4 | Got a barnacled rune of Zot
 59568 | Shoals:4 | Got a bound marble ring
 59569 | Shoals:4 | Identified the ring of Beuc {rN+ Int+2 Slay+2} (You found it on level 4 of the Shoals)
 60371 | Depths:4 | Identified the Compendium of the Boosting Rocks (You found it on level 4 of the Depths)
 60728 | Depths:4 | Reached skill level 15 in Fighting
 61145 | Depths:4 | Noticed a juggernaut
 61154 | Depths:4 | Killed a juggernaut
 61329 | Depths:5 | Entered Level 5 of the Depths
 61372 | Depths:5 | Reached skill level 16 in Fighting
 61482 | Depths:5 | Reached XP level 25. HP: 119/119 MP: 4/44
 61677 | Depths:5 | Found a one-way gate leading to the halls of Pandemonium.
 61719 | Depths:5 | Found a gate to the Realm of Zot.
 61796 | Depths:5 | Found a gateway to a ziggurat.
 62071 | Depths:5 | Noticed a juggernaut
 62084 | Depths:5 | Killed a juggernaut
 62233 | D:15     | Learned a level 6 spell: Darkness
 62459 | Crypt:1  | Entered Level 1 of the Crypt
 62529 | Crypt:1  | Reached skill level 17 in Fighting
 63456 | Crypt:2  | Noticed Boris
 63477 | Crypt:2  | Killed Boris
 63989 | Crypt:3  | Entered Level 3 of the Crypt
 64169 | Crypt:3  | Found a staircase to the Tomb.
 64295 | Crypt:3  | Reached skill level 18 in Fighting
 64423 | Crypt:3  | Found an ancient bone altar of Kikubaaqudgha.
 65201 | Crypt:3  | Reached XP level 26. HP: 127/127 MP: 44/44
 65509 | Vaults:5 | Entered Level 5 of the Vaults
 65569 | Vaults:5 | Reached skill level 19 in Fighting
 65579 | Vaults:5 | Noticed an ancient lich
 65582 | Vaults:5 | Killed an ancient lich
 66242 | Vaults:5 | Reached skill level 20 in Fighting
 66301 | Vaults:5 | Got a wavering pewter ring
 66341 | Vaults:5 | Identified the ring "Risuown" {rElec MP+9 Int+3 Dex-5} (You took it off a deep elf mage on level 5 of the Vaults)
 66545 | Vaults:5 | Noticed an ancient lich
 66550 | Vaults:5 | Killed an ancient lich
 66694 | Vaults:5 | Reached skill level 21 in Fighting
 66833 | Vaults:5 | Reached XP level 27. HP: 124/136 MP: 29/44
 66841 | Vaults:5 | Got a silver rune of Zot
 66978 | Vaults:5 | Identified the Almanac of Glamour
 67165 | Vaults:5 | Identified Bacwimas's Collected Works on Good Luck and Ignition
 67841 | D:15     | Learned a level 1 spell: Summon Butterflies
 67844 | D:15     | Learned a level 2 spell: Blink
 67849 | D:15     | Learned a level 4 spell: Summon Lightning Spire
 67887 | Depths:4 | Reached skill level 1 in Summonings
 67917 | Zot:1    | Entered Level 1 of the Realm of Zot
 67917 | Zot:1    | Noticed an orb of fire
 67924 | Zot:1    | Gained mutation: You are resistant to hostile enchantments. (MR+) [an orb of fire]
 67925 | Zot:1    | Killed an orb of fire
 67966 | Zot:1    | Reached skill level 5 in Summonings
 67968 | Zot:1    | Noticed an orb of fire
 67980 | Zot:1    | Killed an orb of fire
 67999 | Zot:1    | Reached skill level 22 in Fighting
 68596 | Zot:1    | Reached skill level 23 in Fighting
 69163 | Zot:2    | Reached skill level 24 in Fighting
 69626 | Zot:3    | Noticed an orb of fire
 69644 | Zot:3    | Killed an orb of fire
 69774 | Zot:3    | Reached skill level 25 in Fighting
 70403 | Zot:3    | Identified the ring of Bithriw {rElec rPois MR+ Int-5 Stlth+} (You acquired it on level 3 of the Realm of Zot)
 70404 | Zot:3    | Identified the ring "Canoket" {*Contam rC+++ rN++ AC+2 Int-5} (You acquired it on level 3 of the Realm of Zot)
 70405 | Zot:3    | Identified the ring of the Two Names {*Contam rElec rPois AC+2} (You acquired it on level 3 of the Realm of Zot)
 71826 | Zot:5    | Entered Level 5 of the Realm of Zot
 71848 | Zot:5    | Reached skill level 26 in Fighting
 71929 | Zot:5    | Found a sparkling altar of Nemelex Xobeh.
 72206 | Zot:5    | Noticed an orb of fire
 72206 | Zot:5    | Noticed an orb of fire
 72212 | Zot:5    | Gained mutation: Your body sometimes deteriorates upon taking damage. [an orb of fire]
 72213 | Zot:5    | Gained mutation: You are very dopey. (Int -4) [an orb of fire]
 72214 | Zot:5    | Reached skill level 27 in Fighting
 72220 | Zot:5    | Killed an orb of fire
 72225 | Zot:5    | Killed an orb of fire
 72270 | Zot:5    | Noticed an orb of fire
 72484 | Zot:4    | Lost mutation: You are very dopey. (Int -4) [potion of mutation]
 72484 | Zot:4    | Lost mutation: Your body sometimes deteriorates upon taking damage. [potion of mutation]
 72484 | Zot:4    | Lost mutation: You are resistant to hostile enchantments. (MR+) [potion of mutation]
 72484 | Zot:4    | Lost mutation: You are dopey. (Int -2) [potion of mutation]
 72484 | Zot:4    | Gained mutation: You occasionally shout uncontrollably at your foes. [potion of mutation]
 72484 | Zot:4    | Gained mutation: You are robust. (+10% HP) [potion of mutation]
 72484 | Zot:4    | Gained mutation: You are very robust. (+20% HP) [potion of mutation]
 72534 | Zot:5    | Killed an orb of fire
 72534 | Zot:5    | Reached skill level 10 in Evocations
 72563 | Zot:5    | Noticed an orb of fire
 72567 | Zot:5    | Killed an orb of fire
 72591 | Zot:5    | Noticed an ancient lich
 72599 | Zot:5    | Killed an ancient lich
 72635 | Zot:5    | Noticed an orb of fire
 72642 | Zot:5    | Gained mutation: You are clumsy. (Dex -2) [an orb of fire]
 72645 | Zot:5    | Killed an orb of fire
 72911 | Zot:5    | Noticed an ancient lich
 72923 | Zot:5    | Killed an ancient lich
 72937 | Zot:5    | Reached skill level 15 in Evocations
 72975 | Zot:5    | Noticed an orb of fire
 72991 | Zot:5    | Killed an orb of fire
 73061 | Zot:5    | Noticed an orb of fire
 73064 | Zot:5    | Gained mutation: You expend magic power (3 MP) to strengthen your wands. [an orb of fire]
 73071 | Zot:5    | Killed an orb of fire
 73145 | Zot:5    | Got the Orb of Zot
 73682 | D:$      | Escaped with the Orb!

Skill      XL: |  1  2  3  4  5  6  7  8  9 10 11 12 13 14 15 16 17 18 19 20 21 22 23 24 25 26 27 |
---------------+----------------------------------------------------------------------------------+-----
Stealth        | 2 3 4 5 8 10 11 13 15 | 15.3
Unarmed Combat | 5 6 7 9 10 11 14 15 17 18 19 21 22 | 22.0
Invocations    | 3 4 7 9 |  9.7
Dodging        | 5 6 8 11 13 14 15 16 17 19 22 | 22.0
Fighting       | 4 6 7 8 9 10 12 13 14 16 18 21 27 | 27.0
Hexes          | 6 12 13 14 | 14.1
Spellcasting   | 2 4 6 8 9 10 11 12 13 14 15 16 | 16.6
Ice Magic      | 1 |  1.5
Transmutations | 7 10 13 14 | 14.8
Earth Magic    | 3 7 10 11 | 11.9
Charms         | 3 5 6 11 12 | 12.5
Necromancy     | 2 |  2.8
Translocations | 4 |  4.2
Evocations     | 1 7 17 | 17.3
Air Magic      | 2 8 9 |  9.0
Summonings     | 6 |  6.0

Action                   |  1- 3 |  4- 6 |  7- 9 | 10-12 | 13-15 | 16-18 | 19-21 | 22-24 | 25-27 || total
-------------------------+-------+-------+-------+-------+-------+-------+-------+-------+-------++-------
Melee: Unarmed           |    76 |   169 |   232 |   366 |   841 |   815 |   893 |  1148 |  1545 ||  6085
       Punch             |     2 |     4 |     8 |    19 |    37 |    58 |    82 |    97 |   188 ||   495
       Bite              |     4 |    15 |    22 |    36 |    79 |    69 |    97 |   139 |   218 ||   679
       Tailslap          |       |       |       |       |       |     7 |    11 |     3 |    16 ||    37
 Cast: Ensorcelled Hiber |       |       |     9 |    82 |    95 |     4 |       |     2 |       ||   192
       Confuse           |       |       |       |    43 |    46 |     8 |       |       |       ||    97
       Corona            |       |       |       |     3 |     3 |     2 |       |       |       ||     8
       Invisibility      |       |       |       |    12 |    45 |    47 |    16 |    19 |    14 ||   153
       Dazzling Spray    |       |       |       |     3 |       |       |       |       |       ||     3
       Confusing Touch   |       |       |       |     1 |     6 |       |       |       |       ||     7
       Passwall          |       |       |       |       |    22 |    17 |       |     9 |     7 ||    55
       Regeneration      |       |       |       |       |    16 |    28 |    56 |    21 |    63 ||   184
       Statue Form       |       |       |       |       |     3 |    52 |    57 |    75 |   104 ||   291
       Petrify           |       |       |       |       |     1 |    90 |    68 |    49 |    76 ||   284
       Apportation       |       |       |       |       |       |    17 |     2 |    16 |     3 ||    38
       Animate Skeleton  |       |       |       |       |       |    28 |    86 |    50 |    62 ||   226
       Dragon Form       |       |       |       |       |       |     3 |     4 |     7 |     8 ||    22
       Silence           |       |       |       |       |       |       |       |    12 |       ||    12
       Deflect Missiles  |       |       |       |       |       |       |       |     4 |     7 ||    11
       Darkness          |       |       |       |       |       |       |       |       |     4 ||     4
       Sticks to Snakes  |       |       |       |       |       |       |       |       |     2 ||     2
       Summon Butterflie |       |       |       |       |       |       |       |       |    20 ||    20
       Summon Lightning  |       |       |       |       |       |       |       |       |     1 ||     1
Invok: Heroism           |       |     2 |    19 |    32 |    81 |    77 |    68 |    86 |   117 ||   482
       Finesse           |       |       |       |     5 |    22 |    29 |    35 |    25 |    45 ||   161
 Abil: Evoke Flight      |       |       |       |       |       |       |       |    32 |     1 ||    33
       End Transformatio |       |       |       |       |       |       |       |     1 |     8 ||     9
Evoke: Wand              |       |     4 |    12 |       |       |       |       |     1 |     2 ||    19
  Use: Scroll            |     2 |    10 |     5 |    13 |    15 |    11 |     9 |    12 |    24 ||   101
       Potion            |     2 |     3 |     5 |     3 |     9 |     4 |     2 |     1 |     5 ||    34
 Stab: Sleeping          |    11 |    11 |    24 |    96 |   155 |    70 |    35 |    76 |    31 ||   509
       Distracted        |     2 |     1 |     2 |     4 |       |     4 |     6 |     8 |    17 ||    44
       Confused          |       |     2 |     2 |    12 |    29 |     6 |       |       |       ||    51
       Invisible         |       |       |       |    17 |   131 |   101 |    47 |    43 |    67 ||   406
       Held in net/web   |       |       |       |     2 |       |       |       |       |       ||     2
       Petrified         |       |       |       |       |     1 |    44 |    20 |    14 |    21 ||   100
       Petrifying        |       |       |       |       |       |    10 |    12 |    14 |    13 ||    49
  Eat: Chunk             |     9 |     5 |     9 |    31 |    49 |    70 |    44 |    61 |    55 ||   333
       Meat ration       |       |       |       |       |       |       |       |       |     1 ||     1
Armor: Skin              |     3 |     3 |     3 |     7 |    14 |   151 |   101 |   156 |   198 ||   636
Dodge: Dodged            |    45 |   130 |   146 |   224 |   527 |   860 |   824 |  1197 |  1640 ||  5593
       Deflected         |       |       |       |       |       |       |       |    21 |    51 ||    72
Block: Other             |       |       |    13 |    46 |    99 |   173 |   158 |    91 |       ||   580
       Reflection        |       |       |     1 |     2 |     4 |    11 |    21 |     6 |       ||    45
